 Dungeon Crawl Stone Soup version 0.20-a0-268-gb6bde61 (webtiles) character file.

136 Lochraine the Chopper (level 5, -1/47 HPs)
             Began as a Hill Orc Monk on Dec 7, 2016.
             Splashed by a jelly's acid (8 damage)
             ... on level 3 of the Dungeon.
             The game lasted 00:06:31 (2230 turns).

Lochraine the Chopper (Hill Orc Monk)               Turns: 2230, Time: 00:06:32

Health: -1/47      AC: -3    Str: 15    XL:     5   Next: 19%
Magic:  5/5        EV: 10    Int: 15    God:
Gold:   130        SH:  0    Dex: 13    Spells: 4/4 levels left

rFire  . . .     SeeInvis .     a - +0 hand axe
rCold  . . .     Gourm    .     e - +0 scale mail
rNeg   . . .     Faith    .     (no shield)
rPois  .         Spirit   .     s - +0 helmet
rElec  .         Reflect  .     t - +0 cloak
rCorr  .         Harm     .     (no gloves)
MR     .....                    (no boots)
Stlth  ..........               (no amulet)
                                (no ring)
                                (no ring)

@: brilliant, corroded
A: no striking features
a: no special abilities


You were on level 3 of the Dungeon.
You were hungry.

You visited 1 branch of the dungeon, and saw 3 of its levels.

You collected 130 gold pieces.

Inventory:

Hand Weapons
 a - a +0 hand axe (weapon)
Armour
 b - a +0 robe
 e - a +0 scale mail (worn)
 s - a +0 helmet (worn)
 t - a +0 cloak (worn)
Scrolls
 d - 2 scrolls of identify
 f - a scroll of random uselessness {unknown}
 g - a scroll of teleportation {unknown}
 k - 3 scrolls of amnesia {unknown}
 l - a scroll of fear {unknown}
 m - 3 scrolls of noise {unknown}
 o - a scroll of enchant armour {unknown}
 q - a scroll of fog {unknown}
Potions
 h - 2 potions of mutation
 i - a potion of berserk rage
 j - a potion of magic
 n - 2 potions of curing
 u - a potion of ambrosia {unknown}
Comestibles
 c - 4 bread rations
 v - a slice of pizza
 w - a beef jerky


   Skills:
 + Level 4.3 Fighting
 * Level 6.1 Axes
 + Level 2.5 Armour
 - Level 2.4 Dodging
 - Level 1.5 Stealth


You had 4 spell levels left.
You didn't know any spells.

Dungeon Overview and Level Annotations

Branches:
Dungeon (3/15)

Altars:
Elyvilon


Message History

The bat hits you.
* * * LOW HITPOINT WARNING * * *
The bat hits you.
* * * LOW HITPOINT WARNING * * *
Okay, then.
Okay, then.
The bat hits you.
* * * LOW HITPOINT WARNING * * *
The bat misses you. The bat barely misses you. The bat closely misses you.
The bat hits you.
* * * LOW HITPOINT WARNING * * *
It was a potion of brilliance.
You feel clever all of a sudden. The bat barely misses you. The bat hits you.
* * * LOW HITPOINT WARNING * * *
The jelly hits you.
* * * LOW HITPOINT WARNING * * *
You are splashed with acid!
The acid burns!
You die...

#......# ###.#
...##....>## #.>. #..
##...w.###.###### #8.
#.....##)......#
###.##......).......#
##...........##......#
............###......###
###....J...## #.........
#.....@b...# #.<....###
#..........# #......#
#..........# #......#
#..........# #...[..#
#..........# ########
##........## ##<.....##
########


You could see a jelly, a dart slug and a bat.

Vanquished Creatures
  Robin (D:2)
  6 adders
  An ooze (D:2)
  A worm (D:2)
  3 leopard geckos
  3 orcs (D:3)
  A ball python (D:3)
  2 giant cockroaches
  17 goblins
  3 hobgoblins
  3 jackals (D:2)
  4 kobolds
  2 quokkas (D:2)
  5 bats
  2 frilled lizards (D:2)
  A leopard gecko skeleton (D:3)
  2 rats
57 creatures vanquished.

Notes
Turn   | Place    | Note
-------+----------+-------------------------------------------
     0 | D:1      | Lochraine the Hill Orc Monk began the quest for the Orb.
     0 | D:1      | Reached XP level 1. HP: 19/19 MP: 1/1
   335 | D:1      | Reached XP level 2. HP: 27/27 MP: 2/2
   647 | D:2      | Reached skill level 5 in Axes
   656 | D:2      | Reached XP level 3. HP: 16/33 MP: 3/3
   880 | D:2      | Found a faded altar of an unknown god.
   964 | D:2      | Reached skill level 1 in Armour
  1204 | D:2      | Reached XP level 4. HP: 13/40 MP: 4/4
  1418 | D:2      | Noticed Robin
  1559 | D:2      | Killed Robin
  1681 | D:2      | Reached skill level 6 in Axes
  1713 | D:2      | Found a white marble altar of Elyvilon.
  1933 | D:3      | Reached XP level 5. HP: 46/46 MP: 5/5
  2230 | D:3      | Splashed by a jelly's acid

Vault maps used:
D:1:      dpeg_arrival_fog, minivault_24, minmay_crystal_room
D:2:      kennysheep_goblin_castle, chequers_ecumenical_altar_grove,
          elyvilon_altar_1
D:3:      grunt_ministairs_8

Skill      XL: |  1  2  3  4 |
---------------+-------------+-----
Axes           | 5 6 |  6.1
Armour         | 1 2 |  2.5
Fighting       | 4 |  4.3
Dodging        | |  2.4
Stealth        | |  1.5

Action                   |  1- 3 |  4- 6 || total
-------------------------+-------+-------++-------
Melee: Hand axe          |   144 |   102 ||   246
       Unarmed           |       |     1 ||     1
  Use: Scroll            |     1 |     3 ||     4
       Potion            |       |     2 ||     2
  Eat: Chunk             |     1 |     3 ||     4
Armor: Scale mail        |    84 |    34 ||   118
Dodge: Dodged            |    90 |    60 ||   150
